 Dungeon Sprint DCSS version 0.31-a0-844-gdc52ec4e09 (webtiles) character file.

Game seed: 10550478353066488143

295 sircluck the Grappler (level 6, -7/68 HPs)
             Began as a Troll Berserker on Sept 28, 2023.
             Was a Believer of Trog.
             Mangled by a centaur warrior (12 damage)
             ... in the Dungeon (Sprint I: "Red Sonja").
             The game lasted 00:00:42 (114 turns).

sircluck the Grappler (Troll Berserker)              Turns: 114, Time: 00:00:42

Health: -7/68      AC:  4    Str: 28    XL:     6   Next: 11%
Magic:  5/5        EV: 11    Int:  3    God:    Trog [**....]
Gold:   172        SH:  0    Dex:  9    Spells: 5/5 levels left

rFire   . .          .
                       - Unarmed
rCold   . . .        (no shield)
rNeg    . . .        a - +0 animal skin
rPois   .            (helmet restricted)
rElec   .            (no cloak)
rCorr   .            (gloves unavailable)
SInv    .            (boots unavailable)
Will    .....        (no amulet)
Stlth   +            (no ring)
HPRegen 1.11/turn    (no ring)
MPRegen 0.09/turn

%: no teleportation
@: no status effects
A: large, unfitting armour, claws 3, regeneration 1, shaggy fur 1, tough skin 1
a: Renounce Religion, Berserk, Trog's Hand


You were in the Dungeon.
You worshipped Trog.
Trog was pleased with you.
You visited 1 branch You collected 172 gold pieces.

Inventory:

Armour
 a - a +0 animal skin (worn)
Wands
 h - a wand of charming (15)
Scrolls
 g - a scroll of blinking
Potions
 b - a potion of curing
 c - a potion of heal wounds
 d - a potion of haste
 e - 2 potions of magic
 f - a potion of berserk rage


   Skills:
 + Level 6.7 Fighting
 + Level 6.6 Dodging
 + Level 8.0 Unarmed Combat


You had 5 spell levels left.
You didn't know any spells.
Your spell library was empty.

Dungeon Overview and Level Annotations

Branches:
Dungeon (1/1)

Altars:
Sif Muna
Vehumet
Wu Jian


Innate Abilities, Weirdness & Mutations

You are too large for most types of armour.
You have claws for hands.
Your natural rate of healing is unusually fast.
You are covered in fur. (AC +1)
You have tough skin. (AC +1)


Message History

You see here a +0 quarterstaff.
You see here 10 gold pieces.
There is an ornate altar of the Wu Jian Council here.
The helpless jelly fails to defend itself.
You scratch the jelly.
Your claws burn!
The jelly is moderately wounded.
You claw the jelly!
You kill the jelly!
Trog accepts your kill.
Your Unarmed Combat skill increases to level 8!
No target in view!
No target in view!
No target in view!
No target in view!
No target in view!
No target in view!
No target in view!
You now have 172 gold pieces (gained 10).
You open the door.
A centaur warrior comes into view.
The centaur warrior moves out of view.
A centaur warrior comes into view.
Found a scroll labelled ALASUA MYTZI and a scroll labelled WIOSAG SUZEUQ.
The centaur warrior moves out of view.
There is an open door here.
You enter the shallow water.
The centaur warrior shouts!
The centaur warrior wields a +0 orcbow.
The centaur warrior shoots an arrow.
The arrow hits you!!
You hear a shout!
The centaur warrior wields a +0 orcbow.
The centaur warrior shoots an arrow.
The arrow hits you!
The centaur warrior shoots an arrow.
The arrow hits you!!
* * * LOW HITPOINT WARNING * * *
Aiming: Charm
Press: ? - help, Q - select action, (/) - cycle Shift-Dir - straight line, f - centaur warrior
Aim: a centaur warrior, wielding a +0 orcbow (purple smoke, chance to affect: 31%)
Okay, then.
The centaur warrior unwields a +0 orcbow.
The centaur warrior hits you!
You die...

#############
#..').#.)'..#
').#..'..#..+
#####'#####'#
#### # #..#
#)####§§# #
####
##.#~~§§§# #
#+#_.'~~§@c+
#
+..._#~~§§c#
#
#_.#+##+####
##+


You could see 2 centaur warriors.

Vanquished Creatures
  Sigmund (D)
  An ogre (D)
  A jelly (D)
  Ijyb (D)
4 creatures vanquished.

Notes
Turn   | Place    | Note
-------+----------+-------------------------------------------
     0 | D        | sircluck the Troll Berserker began the quest for the Orb.
     0 | D        | Reached XP level 1. HP: 22/22 MP: 0/0
     1 | D        | Noticed Ijyb
    22 | D        | Killed Ijyb
    23 | D        | Reached skill level 4 in Unarmed Combat
    23 | D        | Reached XP level 2. HP: 24/32 MP: 1/1
    32 | D        | Noticed an ogre
    40 | D        | Killed an ogre
    41 | D        | Reached skill level 5 in Fighting
    41 | D        | Reached skill level 5 in Dodging
    41 | D        | Reached skill level 6 in Unarmed Combat
    41 | D        | Reached XP level 3. HP: 19/42 MP: 2/2
    41 | D        | Reached XP level 4. HP: 22/50 MP: 3/3
    77 | D        | Noticed Sigmund
    83 | D        | Killed Sigmund
    83 | D        | Reached ** piety under Trog
    84 | D        | Reached skill level 7 in Unarmed Combat
    84 | D        | Reached XP level 5. HP: 59/61 MP: 4/4
    84 | D        | Reached XP level 6. HP: 66/68 MP: 5/5
    98 | D        | Found an ornate altar of the Wu Jian Council.
    98 | D        | Found a shimmering blue altar of Sif Muna.
   100 | D        | Found a radiant altar of Vehumet.
   106 | D        | Reached skill level 8 in Unarmed Combat
   109 | D        | Noticed a centaur warrior
   110 | D        | Noticed a centaur warrior
   114 | D        | Mangled by a centaur warrior

Illustrated notes

Levels and vault maps discovered:
D:        dungeon_sprint_1 [red_sonja_temple_1, red_sonja_temple_small_1]

Skill      XL: |  1  2  3  4  5  6 |
---------------+-------------------+-----
Fighting       | 3 5 6 |  6.7
Dodging        | 3 5 6 |  6.6
Unarmed Combat | 4 6 7 8 |  8.0

Action                     |  1- 3 |  4- 6 || total
---------------------------+-------+-------++-------
  Melee: Unarmed           |    19 |     6 ||    25
         Punch             |     1 |       ||     1
   Stab: Sleeping          |       |     1 ||     1
 Armour: Animal skin       |    10 |     8 ||    18
  Dodge: Dodged            |     7 |       ||     7

Table legend: (Time is in decaauts)
 A = Elapsed time spent in this place.
 B = Non-inter-level travel time spent in this place.
 C = Inter-level travel time spent in this place.
 D = Time resting spent in this place.
 E = Time spent auto-exploring this place.
 F = Levels seen in this place.
 G = Mean time per level.
                   A        B        C        D        E       F      G
               +--------+--------+--------+--------+--------+-----+--------+
         Total |    111 |    111 |      0 |      2 |     60 |   1 |  111.0 |
       Dungeon |    111 |    111 |      0 |      2 |     60 |   1 |  111.0 |
               +--------+--------+--------+--------+--------+-----+--------+

Top non-repeatable levels by time:
       D: 111 daAuts
